 Dungeon Crawl Stone Soup version 0.31-a0-217-g58bb5d79cf (webtiles) character file.

Game seed: 12260142890380065895

10761 qw the Cleaver (level 11, -1/71 HPs)
             Began as a Gargoyle Fighter on July 3, 2023.
             Was an Elder of Okawaru.
             Slain by a yak (12 damage)
             ... on level 2 of the Lair of Beasts.
             The game lasted 00:05:16 (10879 turns).

qw the Cleaver (Gargoyle Fighter)                  Turns: 10879, Time: 00:05:16

Health: -1/71      AC: 24    Str: 30    XL:     11   Next: 67%
Magic:  16/16      EV: 11    Int:  9    God:    Okawaru [****..]
Gold:   582        SH:  6    Dex:  9    Spells: 10/10 levels left

rFire   . . .        Y - +1 war axe
rCold   . . .        c - +0 buckler
rNeg    + . .        a - +0 chain mail
rPois   inf          (no helmet)
rElec   +            w - +1 cloak
rCorr   .            i - +0 pair of gloves
SInv    .            (no boots)
Will    +....        l - amulet of faith Stlth
                     j - ring of willpower
HPRegen 0.31/turn    g - +6 ring of strength
MPRegen 0.15/turn

%: faith
@: about to teleport, heroic
A: sickness immunity, AC +8, negative energy resistance 1, electricity
resistance, torment resistance 1, petrification resistance
a: Renounce Religion, Heroism, Finesse


You were on level 2 of the Lair of Beasts.
You worshipped Okawaru.
Okawaru was greatly pleased with you.
You visited 3 branches of the dungeon, and saw 12 of its levels.

You collected 608 gold pieces.
You spent 26 gold pieces at shops.


Innate Abilities, Weirdness & Mutations

You are immune to sickness and miasma.
Your stone body is resilient. (AC +8)
You are immune to poison.
You resist negative energy. (rN+)
You are resistant to electric shocks. (rElec)
You are resistant to unholy torment.
You are immune to petrification.


   Skills:
 - Level 9.0(14.0) Fighting
 + Level 11.9(16.9) Axes
 - Level 1.0(6.0) Throwing
 - Level 6.1(11.1) Armour
 - Level 2.1(7.1) Dodging
 - Level 6.0(11.0) Shields
 + Level 7.9 Invocations


You had 10 spell levels left.
You didn't know any spells.
Your spell library was empty.

Inventory:

Hand Weapons
 s - a +0 morningstar
 Y - a +1 war axe (weapon)
Armour
 a - a +0 chain mail (worn)
 c - a +0 buckler (worn)
 i - a +0 pair of gloves (worn)
 k - the +0 robe of Baldness {rN+ rCorr Int+3}
   (You found it on level 4 of the Dungeon)

   Int:       It affects your intelligence (+3).
   rN:        It protects you from negative energy.
   rCorr:     It protects you from acid and corrosion.
 w - a +1 cloak (worn)
 y - a +0 plate armour
Jewellery
 g - a +6 ring of strength (right hand)
 j - a ring of willpower (left hand)
 l - an amulet of faith (around neck)
 m - a ring of ice
 u - a ring of positive energy
Wands
 t - a wand of digging (2)
Scrolls
 b - 2 scrolls of teleportation
 e - 2 scrolls of identify
 z - a scroll of silence {unknown}
Potions
 d - 4 potions of might
 f - a potion of heal wounds
 h - 6 potions of curing
 n - a potion of magic
 o - a potion of attraction
 p - 2 potions of enlightenment
 q - a potion of resistance
 r - a potion of mutation
 v - 3 potions of haste
 x - 2 potions of degeneration {unknown}

Dungeon Overview and Level Annotations

Branches:
Dungeon (9/15)             Temple (1/1) D:4            Lair (2/5) D:9
  Snake (0/4) Lair:2          Orc (0/2) D:9
  Swamp: Lair:2-3    Shoals: Lair:2-3

Altars:
Ashenzari
Cheibriados
Elyvilon
Fedhas
Gozag
Hepliaklqana
Kikubaaqudgha
Makhleb
Okawaru
Qazlal
Ru
Sif Muna
Trog
Uskayaw
Vehumet
Wu Jian
Xom
Yredelemnul
Zin
The Shining One

Shops:
D:1 ?   D:9 *

Annotations:
D:4 2 transporters


Message History

Found a wand of iceblast (4) and 19 gold pieces.
The yak bellows! x5; You hear an angry hiss.
You hear a croak. x2
Enter note:
Enter note:
Enter note:
Enter note: You hit the yak but do no damage.
The yak barely misses you.
You hit the yak.
The yak is lightly wounded.
You slash the yak!
The yak is moderately wounded.
You slash the yak! You hit the yak but do no damage. You barely miss the yak.
The yak closely misses you. The yak gores you. x2
You slash the yak!
The yak is heavily wounded.
You hit the yak. You hit the yak but do no damage. You slash the yak! x2
You hit the yak but do no damage.
The yak is heavily wounded.
You slash the yak! x2; You hit the yak. You slash the yak! The yak gores you!
The yak completely misses you. The yak gores you but does no damage.
The yak completely misses you.
You barely miss the yak.
The yak is severely wounded.
You hit the yak. You slash the yak! You barely miss the yak. x3
The yak gores you but does no damage. The yak barely misses you. x2
The yak closely misses you. The yak gores you. The yak closely misses you.
You slash the yak!
The yak is almost dead.
You slash the yak! You hit the yak but do no damage. You closely miss the yak.
You slash the yak! You hit the yak but do no damage.
You block the yak's attack. The yak closely misses you.
The yak gores you but does no damage. The yak closely misses you. x2
The yak gores you!
10879 ||| READING 3 scrolls of teleportation.
As you read the scroll of teleportation, it crumbles to dust.
You feel strangely unstable. The yak gores you but does no damage.
The yak closely misses you. x2
The yak gores you!
You die...

.. .. #######.#
###$#..#..#
#.........#
#...
###...../...#
.....
#.....Y.....#..
.....
#...Y@Y......
....~
#P...YYY......
.....~
##.........###
....~~~
#..........P#
....~~~
######+.#####
....~~~ ## #
#..~~. #.#..~~.
#....~~~
+....~~~


You could see 6 yaks.

Vanquished Creatures
  A two-headed ogre (D:8)
  3 cane toads
  2 rime drakes
  5 komodo dragons
  2 trolls
  A polar bear (Lair:1)
  A wyvern (D:8)
  3 basilisks (Lair:1)
  14 yaks
  A steam dragon (D:6)
  An acid dragon (D:8)
  A naga (Lair:2)
  5 water moccasins
  3 sky beasts (D:8)
  An orc warrior (D:8)
  A black bear (D:6)
  2 ogres
  A phantom (D:6)
  3 kobold brigands
  7 bullfrogs
  A gnoll sergeant (D:8)
  6 scorpions
  9 wights
  6 killer bees (D:9)
  A vampire bat (D:3)
  A quasit (D:8)
  4 hounds
  4 orc priests
  A jelly (D:7)
  Terence (D:2)
  An iguana (D:5)
  2 sleepcaps (D:6)
  8 orc wizards
  6 adders
  9 gnolls
  3 shadow imps (D:8)
  2 white imps (D:8)
  2 ufetubi
  3 worms
  4 dart slugs
  3 fire bats (D:3)
  28 orcs
  2 spectral bats (D:3)
  3 ball pythons
  13 bats
  A bat simulacrum (D:3)
  3 bat skeletons (D:3)
  A bat zombie (D:3)
  5 endoplasms
  3 giant cockroaches
  8 goblins
  3 hobgoblins
  10 jackals
  2 quokkas (D:1)
  3 frilled lizards
  17 kobolds
  5 rats
  2 butterflies (D:9)
244 creatures vanquished.

Notes
Turn   | Place    | Note
-------+----------+-------------------------------------------
     0 | D:1      | qw the Gargoyle Fighter began the quest for the Orb.
     0 | D:1      | Reached XP level 1. HP: 14/14 MP: 1/1
     0 | D:1      | 0 ||| qw: Version: 0.3-a-40-ge99b1a8
     0 | D:1      | 0 ||| qw: Game counter: 301
     0 | D:1      | 0 ||| qw: Melee chars always use a shield: true
     0 | D:1      | 0 ||| qw: God list: Okawaru
     0 | D:1      | 0 ||| qw: Allow faded altars: false
     0 | D:1      | 0 ||| qw: Do Orc after clearing Dungeon:15 true
     0 | D:1      | 0 ||| qw: Do second Lair branch before Depths: true
     0 | D:1      | 0 ||| qw: Lair rune preference: random
     0 | D:1      | 0 ||| qw: Goals: Normal, Zot:1-4, Slime:5, God:TSO, Crypt,
                  | Tomb, Abyss, Pan, Hells, Win
     0 | D:1      | 0 ||| PLANNING D:1-11
    80 | D:1      | Reached skill level 2 in Axes
   188 | D:1      | Reached XP level 2. HP: 19/19 MP: 2/2
   260 | D:1      | 260 ||| Stepping ~*~*~tactically~*~*~ (hiding).
   372 | D:1      | 372 ||| DROPPING +0 club.
   391 | D:1      | Reached skill level 3 in Axes
   476 | D:1      | Found The Oracle's Delphic Readings.
   480 | D:1      | 480 ||| BUYING scroll of identify (26 gold).
   480 | D:1      | Bought a scroll of identify for 26 gold pieces
   480 | D:1      | 480 ||| SHOPLISTING scroll of identify (26 gold, have 5).
   480 | D:1      | 480 ||| SHOPLISTING scroll of teleportation (39 gold, have
                  | 5).
   859 | D:1      | 859 ||| DRINKING 2 emerald potions.
   879 | D:2      | Reached XP level 3. HP: 23/23 MP: 3/3
  1074 | D:2      | Found a faded altar of an unknown god.
  1074 | D:2      | Noticed Terence
  1084 | D:2      | Killed Terence
  1085 | D:2      | Reached XP level 4. HP: 21/28 MP: 4/4
  1116 | D:2      | 1116 ||| DROPPING +0 whip.
  1181 | D:2      | 1181 ||| Stepping ~*~*~tactically~*~*~ (stealth).
  1243 | D:2      | Found a white marble altar of Elyvilon.
  1373 | D:2      | Reached skill level 4 in Axes
  1444 | D:2      | 1444 ||| UPGRADING to ring of willpower.
  1445 | D:2      | 1445 ||| DRINKING 2 white potions.
  1535 | D:3      | Found a bloodstained altar of Trog.
  2007 | D:3      | Reached XP level 5. HP: 11/32 MP: 5/5
  2008 | D:3      | HP: 4/32 [something/magic dart (8)]
  2014 | D:3      | HP: 2/32 [something (1)]
  2017 | D:3      | Reached skill level 5 in Axes
  2278 | D:3      | 2278 ||| Stepping ~*~*~tactically~*~*~ (stealth).
  2382 | D:3      | Reached XP level 6. HP: 39/39 MP: 6/6
  2410 | D:3      | Reached skill level 1 in Dodging
  2676 | D:3      | 2676 ||| Stepping ~*~*~tactically~*~*~ (stealth).
  2677 | D:3      | 2677 ||| Stepping ~*~*~tactically~*~*~ (stealth).
  2692 | D:3      | HP: 8/39 [gnoll/+0 spear (6)]
  2693 | D:3      | 2693 ||| DRINKING 3 potions of heal wounds.
  2810 | D:3      | 2810 ||| DROPPING orb of guile.
  2811 | D:3      | 2811 ||| READING 2 scrolls labelled AHITALI JOUST.
  2812 | D:3      | 2812 ||| READING scroll labelled ENAHUU WOTISOWK.
  2813 | D:3      | 2813 ||| READING 2 scrolls of identify.
  2813 | D:3      | 2813 ||| IDENTIFYING fuming blue potion
  2814 | D:3      | 2814 ||| DROPPING scroll of vulnerability.
  2857 | D:4      | Found a staircase to the Ecumenical Temple.
  2858 | D:4      | 2858 ||| PLANNING TEMPLE
  2863 | Temple   | Entered the Ecumenical Temple
  2864 | Temple   | 2864 ||| PLANNING OKAWARU WORSHIP
  2876 | Temple   | Became a worshipper of Warmaster Okawaru
  2877 | Temple   | 2877 ||| PLANNING D:1-11
  2916 | D:4      | Identified the +0 robe of Baldness {rN+ rCorr Int+3}
  3020 | D:4      | Found a transporter.
  3035 | D:4      | Found a transporter.
  3381 | D:4      | Found a faded altar of an unknown god.
  3381 | D:4      | Found a burning altar of Makhleb.
  3389 | D:4      | Found a stormy altar of Qazlal.
  3391 | D:4      | Found a sacrificial altar of Ru.
  3393 | D:4      | Found an ancient bone altar of Kikubaaqudgha.
  3533 | D:4      | 3533 ||| UPGRADING to amulet of faith.
  3538 | D:4      | 3538 ||| UPGRADING to +6 ring of strength.
  3539 | D:4      | 3539 ||| READING 2 scrolls labelled ILEEHI TOWK.
  3540 | D:4      | 3540 ||| READING scroll labelled DIECANAF HIDUC.
  3543 | D:4      | 3543 ||| READING 2 scrolls of identify.
  3543 | D:4      | 3543 ||| IDENTIFYING sedimented red potion
  3544 | D:4      | 3544 ||| DROPPING scroll of fog.
  3564 | D:5      | Entered Level 5 of the Dungeon
  3640 | D:5      | Reached skill level 6 in Axes
  3640 | D:5      | Reached XP level 7. HP: 38/44 MP: 7/7
  3709 | D:5      | 3709 ||| FLEEEEING.
  3840 | D:5      | Reached * piety under Okawaru
  3973 | D:5      | 3973 ||| Stepping ~*~*~tactically~*~*~ (stealth).
  3989 | D:5      | 3989 ||| INVOKING Heroism.
  3990 | D:5      | 3990 ||| INVOKING Heroism.
  3991 | D:5      | 3991 ||| INVOKING Heroism.
  3994 | D:5      | Reached skill level 7 in Axes
  4228 | D:5      | Reached skill level 1 in Invocations
  4654 | D:5      | 4654 ||| UPGRADING to +0 chain mail.
  4664 | D:5      | 4664 ||| DROPPING +0 scale mail.
  4665 | D:5      | 4665 ||| READING scroll labelled PYKOVU KUIDWIU.
  4704 | D:6      | Reached XP level 8. HP: 48/49 MP: 9/9
  4718 | D:6      | Found a blossoming altar of Fedhas.
  4801 | D:6      | 4801 ||| INVOKING Heroism.
  4806 | D:6      | Reached skill level 3 in Invocations
  4810 | D:6      | HP: 12/49 [steam dragon (3)]
  4811 | D:6      | 4811 ||| DRINKING 4 potions of heal wounds.
  4815 | D:6      | 4815 ||| Stepping ~*~*~tactically~*~*~ (cloud).
  4846 | D:6      | 4846 ||| FLEEEEING.
  4849 | D:6      | 4849 ||| FLEEEEING.
  4850 | D:6      | 4850 ||| FLEEEEING.
  4851 | D:6      | 4851 ||| FLEEEEING.
  4902 | D:6      | Identified the +7 sling of the Hurling Gods {drain, rCorr}
  4924 | D:6      | 4924 ||| INVOKING Heroism.
  4940 | D:6      | Reached skill level 8 in Axes
  5185 | D:6      | Found a radiant altar of Vehumet.
  5334 | D:6      | 5334 ||| DROPPING +0 flail.
  5382 | D:6      | 5382 ||| DROPPING amulet of magic regeneration.
  5383 | D:6      | 5383 ||| DROPPING +6 ring of intelligence.
  5402 | D:7      | 5402 ||| INVOKING Heroism.
  5424 | D:7      | Reached skill level 6 in Fighting
  5484 | D:7      | 5484 ||| INVOKING Heroism.
  5517 | D:7      | Reached XP level 9. HP: 55/55 MP: 12/12
  5561 | D:7      | 5561 ||| FLEEEEING.
  5562 | D:7      | 5562 ||| FLEEEEING.
  5567 | D:7      | 5567 ||| FLEEEEING.
  5568 | D:7      | 5568 ||| FLEEEEING.
  5569 | D:7      | 5569 ||| FLEEEEING.
  5570 | D:7      | 5570 ||| STAIRDANCE
  5672 | D:6      | 5672 ||| UPGRADING to +0 pair of gloves.
  5682 | D:7      | 5682 ||| STAIRDANCE
  6160 | D:7      | 6160 ||| DROPPING +3 ring mail.
  6179 | D:8      | Reached skill level 9 in Axes
  6181 | D:8      | 6181 ||| STAIRDANCE
  6223 | D:8      | Reached ** piety under Okawaru
  6244 | D:8      | 6244 ||| FLEEEEING.
  6246 | D:8      | 6246 ||| STAIRDANCE
  6313 | D:8      | 6313 ||| INVOKING Heroism.
  6334 | D:8      | 6334 ||| INVOKING Heroism.
  6486 | D:8      | 6486 ||| Stepping ~*~*~tactically~*~*~ (hiding).
  6652 | D:8      | 6652 ||| Stepping ~*~*~tactically~*~*~ (stealth).
  6653 | D:8      | 6653 ||| Stepping ~*~*~tactically~*~*~ (stealth).
  6667 | D:8      | 6667 ||| INVOKING Heroism.
  6829 | D:8      | 6829 ||| Stepping ~*~*~tactically~*~*~ (hiding).
  6830 | D:8      | 6830 ||| Stepping ~*~*~tactically~*~*~ (hiding).
  6888 | D:8      | 6888 ||| INVOKING Heroism.
  7051 | D:8      | Reached skill level 1 in Throwing
  7191 | D:8      | Reached *** piety under Okawaru
  7192 | D:8      | Reached skill level 10 in Axes
  7289 | D:8      | 7289 ||| Stepping ~*~*~tactically~*~*~ (stealth).
  7291 | D:8      | 7291 ||| Stepping ~*~*~tactically~*~*~ (hiding).
  7314 | D:8      | Reached XP level 10. HP: 56/63 MP: 13/13
  7325 | D:8      | 7325 ||| Stepping ~*~*~tactically~*~*~ (stealth).
  7341 | D:8      | 7341 ||| Stepping ~*~*~tactically~*~*~ (stealth).
  7343 | D:8      | 7343 ||| Stepping ~*~*~tactically~*~*~ (hiding).
  7823 | D:8      | 7823 ||| INVOKING Heroism.
  7871 | D:8      | Noticed a two-headed ogre
  7872 | D:8      | 7872 ||| INVOKING Heroism.
  7880 | D:8      | Killed a two-headed ogre
  7881 | D:8      | Reached skill level 6 in Shields
  8200 | D:8      | 8200 ||| INVOKING Heroism.
  8248 | D:8      | 8248 ||| UPGRADING to +1 cloak.
  8253 | D:8      | 8253 ||| READING scroll labelled SISO MEONADUE.
  8254 | D:8      | 8254 ||| DRINKING 2 red potions.
  8255 | D:8      | 8255 ||| DRINKING 3 puce potions.
  8256 | D:8      | 8256 ||| READING 2 scrolls of identify.
  8256 | D:8      | 8256 ||| IDENTIFYING pink potion
  8372 | D:9      | Found a shimmering altar of Xom.
  8379 | D:9      | 8379 ||| INVOKING Heroism.
  8462 | D:9      | Found Liqaf's Gadget Gallery.
  8641 | D:9      | Found a staircase to the Lair.
  8648 | D:9      | Found a basalt altar of Yredelemnul.
  8651 | D:9      | 8651 ||| INVOKING Heroism.
  8734 | D:9      | Found a staircase to the Orcish Mines.
  8886 | D:9      | 8886 ||| Stepping ~*~*~tactically~*~*~ (stealth).
  8887 | D:9      | 8887 ||| Stepping ~*~*~tactically~*~*~ (stealth).
  8903 | D:9      | Reached **** piety under Okawaru
  8944 | D:9      | 8944 ||| INVOKING Heroism.
  9113 | D:9      | 9113 ||| PLANNING LAIR
  9113 | D:9      | 9113 ||| READING scroll labelled FELOIP AKUAPT.
  9121 | Lair:1   | Entered Level 1 of the Lair of Beasts
  9134 | Lair:1   | 9134 ||| INVOKING Heroism.
  9140 | Lair:1   | Reached skill level 11 in Axes
  9172 | Lair:1   | Noticed a cane toad
  9173 | Lair:1   | 9173 ||| INVOKING Heroism.
  9178 | Lair:1   | Killed a cane toad
  9179 | Lair:1   | Reached skill level 6 in Armour
  9236 | Lair:1   | 9236 ||| Stepping ~*~*~tactically~*~*~ (hiding).
  9240 | Lair:1   | 9240 ||| INVOKING Heroism.
  9256 | Lair:1   | Reached XP level 11. HP: 68/69 MP: 12/14
  9307 | Lair:1   | 9307 ||| Stepping ~*~*~tactically~*~*~ (stealth).
  9309 | Lair:1   | 9309 ||| INVOKING Heroism.
  9402 | Lair:1   | 9402 ||| Stepping ~*~*~tactically~*~*~ (water).
  9404 | Lair:1   | 9404 ||| Stepping ~*~*~tactically~*~*~ (water).
  9444 | Lair:1   | 9444 ||| Stepping ~*~*~tactically~*~*~ (water).
  9510 | Lair:1   | 9510 ||| Stepping ~*~*~tactically~*~*~ (hiding).
  9511 | Lair:1   | 9511 ||| Stepping ~*~*~tactically~*~*~ (hiding).
  9512 | Lair:1   | 9512 ||| INVOKING Heroism.
  9595 | Lair:1   | Reached skill level 9 in Fighting
  9731 | Lair:1   | Received a gift from Okawaru
  9732 | Lair:1   | Reached skill level 6 in Invocations
 10224 | Lair:2   | 10224 ||| INVOKING Heroism.
 10252 | Lair:2   | 10252 ||| STAIRDANCE
 10255 | Lair:1   | 10255 ||| INVOKING Heroism.
 10257 | Lair:1   | HP: 13/71 [polar bear (11)]
 10258 | Lair:1   | 10258 ||| READING 5 scrolls of teleportation.
 10258 | Lair:1   | HP: 4/71 [yak (9)]
 10259 | Lair:1   | 10259 ||| DRINKING 4 potions of heal wounds.
 10260 | Lair:1   | 10260 ||| DRINKING 3 potions of heal wounds.
 10420 | Lair:1   | 10420 ||| INVOKING Heroism.
 10465 | Lair:2   | 10465 ||| INVOKING Heroism.
 10476 | Lair:2   | 10476 ||| STAIRDANCE
 10628 | Lair:2   | Found a staircase to the Snake Pit.
 10646 | Lair:2   | 10646 ||| INVOKING Heroism.
 10775 | Lair:2   | 10775 ||| Stepping ~*~*~tactically~*~*~ (stealth).
 10835 | Lair:2   | 10835 ||| Stepping ~*~*~tactically~*~*~ (hiding).
 10844 | Lair:2   | 10844 ||| INVOKING Heroism.
 10865 | Lair:2   | 10865 ||| FLEEEEING.
 10867 | Lair:2   | HP: 16/71 [yak (12)]
 10868 | Lair:2   | 10868 ||| READING 4 scrolls of teleportation.
 10869 | Lair:2   | 10869 ||| DRINKING 2 potions of heal wounds.
 10878 | Lair:2   | HP: 11/71 [yak (8)]
 10879 | Lair:2   | 10879 ||| READING 3 scrolls of teleportation.
 10879 | Lair:2   | Slain by a yak

Levels and vault maps discovered:
D:1:      arrival_zaba_pyramid, layout_basic, nicolae_nh_oracle_at_delphi
D:2:      layout_rooms, ebering_ecumenical_altar_mist, basic_altar,
          corexii_hall_statues_deadend, uniq_terence
D:3:      layout_loops_corners, old_standard_altar, goddamned_bats
D:4:      gammafunk_steamed_eel, layout_basic,
          chequers_temple_overflow_minitemple, minmay_temple_entry_trees,
          serial_forest, infiniplex_forest_lined_room_2,
          infiniplex_forest_clump_small, infiniplex_forest_diagonal,
          infiniplex_forest_clump_curved, infiniplex_forest_3_way,
          infiniplex_forest_clump_curved, infiniplex_forest_clump_cross
D:5:      layout_basic
D:6:      layout_basic, fedhas_ov_isle_minmay, mainiacjoe_overflow_paths
D:7:      layout_loops_ring
D:8:      layout_layer_cave, serial_demonic, serial_demonic_d, serial_demonic_b,
          serial_demonic_c, serial_demonic_f, serial_demonic_f,
          minmay_increasing_density
D:9:      layout_gridville, kennysheep_mini, xom_butterflies,
          david_lair_shrubbed, orc_0_dummy, nicolae_shop_gadgets
Temple:   minmay_freezing_vapour_temple
Lair:1:   layout_cave_pods, chequers_serial_rivers_large_a
Lair:2:   layout_roguey, guppyfry_snake_entry_island, minivault_24,
          grunt_megastairs_4

Skill      XL: |  1  2  3  4  5  6  7  8  9 10 11 |
---------------+----------------------------------+-----
Axes           | 2 3 4 5 6 7 8 10 11 | 11.9
Fighting       | 4 5 6 7 8 9 |  9.0
Dodging        | 1 2 |  2.1
Invocations    | 2 4 7 |  7.9
Shields        | 4 6 |  6.0
Armour         | 4 6 |  6.1
Throwing       | 1 |  1.0

Action                     |  1- 3 |  4- 6 |  7- 9 | 10-12 || total
---------------------------+-------+-------+-------+-------++-------
  Melee: War axe           |    61 |   192 |   350 |   265 ||   868
  Throw: Boomerang         |       |       |    13 |    46 ||    59
 Invoke: Heroism           |       |       |     9 |    17 ||    26
    Use: Potion            |     1 |     2 |     1 |     5 ||     9
         Scroll            |       |     6 |     1 |     6 ||    13
 Armour: Scale mail        |    31 |   130 |    36 |       ||   197
         Chain mail        |       |       |   155 |   138 ||   293
  Dodge: Dodged            |    24 |   104 |   132 |   117 ||   377
  Block: Buckler           |     5 |    35 |    76 |    45 ||   161

Table legend:
 A = Non-vault XP
 B = Vault XP
 C = Vault XP percentage of total XP
 D = Non-vault monster count
 E = Vault monster count
 F = Vault count percentage of total count
                 A         B        C        D         E       F
            +---------+---------+-------+---------+---------+-------
      Total |   11181 |    4192 |  27.3 |     193 |      49 |  20.2
            +---------+---------+-------+---------+---------+-------
        D:1 |      28 |       3 |   9.7 |      16 |       2 |  11.1
        D:2 |      33 |      36 |  52.2 |      14 |       1 |   6.7
        D:3 |     203 |     175 |  46.3 |      19 |      20 |  51.3
        D:4 |      44 |       0 |   0.0 |      10 |       0 |   0.0
        D:5 |     637 |       0 |   0.0 |      19 |       0 |   0.0
        D:6 |     886 |       0 |   0.0 |      17 |       0 |   0.0
        D:7 |     505 |       0 |   0.0 |      14 |       0 |   0.0
        D:8 |    2549 |    1204 |  32.1 |      32 |      14 |  30.4
        D:9 |    1103 |     367 |  25.0 |      30 |       1 |   3.2
     Lair:1 |    3480 |    1248 |  26.4 |      16 |       5 |  23.8
     Lair:2 |    1713 |    1159 |  40.4 |       6 |       6 |  50.0
            +---------+---------+-------+---------+---------+-------
